 Dungeon Crawl Stone Soup version 0.19.1-1-g22dce08 (webtiles) character file.

228 Periaitorperimetra the Skirmisher (level 6, -1/49 HPs)
             Began as a Vine Stalker Berserker on Jan 11, 2017.
             Was a Believer of Trog.
             Succumbed to Edmund's poison
             ... on level 4 of the Dungeon.
             The game lasted 00:11:47 (1928 turns).

Periaitorperimetra the Skirmisher (VSBe)            Turns: 1928, Time: 00:11:47

Health: -1/49      AC: 13    Str: 24    XL:     6   Next: 2%
Magic:  2/7        EV:  8    Int:  7    God:    Trog [**....]
Gold:   168        SH:  0    Dex: 16    Spells: 0 memorised, 5 levels left

rFire  . . .     SeeInvis .     a - +0 falchion
rCold  . . .     Gourm    .     f - +0 plate armour
rNeg   . . .     Faith    .     (no shield)
rPois  .         Spirit   +     (no helmet)
rElec  .         Reflect  .     (no cloak)
rCorr  +         Harm     .     (no gloves)
MR     ++...                    t - +1 pair of boots
Stlth  ..........               (no amulet)
                                (no ring)
                                o - ring of resist corrosion

@: berserking, lethally poisoned (-1 -> -20), regenerating, very quick
A: fangs 2, regeneration 1, magic shield, antimagic bite, no device heal 3, rot
immunity
a: Berserk, Trog's Hand, Burn Spellbooks, Renounce Religion


You were on level 4 of the Dungeon.
You worshipped Trog.
Trog was pleased with you.
You were near starving.

You visited 1 branch of the dungeon, and saw 4 of its levels.

You collected 168 gold pieces.

Inventory:

Hand Weapons
 a - a +0 falchion (weapon)
Missiles
 q - 15 bolts
Armour
 f - a +0 plate armour (worn)
 t - a +1 pair of boots (worn)
 v - a +0 scale mail
Jewellery
 o - a ring of resist corrosion (left hand)
Scrolls
 d - 3 scrolls of enchant armour
 e - a scroll of recharging
 h - 3 scrolls of identify
 i - a scroll of random uselessness {unknown}
 k - 2 scrolls of amnesia
 m - a scroll of magic mapping {unknown}
 n - a scroll of remove curse
 s - 2 scrolls of teleportation {unknown}
Potions
 g - a potion of beneficial mutation {unknown}
 j - a potion of agility {unknown}
 u - 2 potions of lignification {unknown}
 w - a potion of berserk rage {unknown}
Comestibles
 c - 5 bread rations
 l - 2 slices of pizza
 p - a beef jerky
 r - a meat ration
 x - a royal jelly


   Skills:
 * Level 3.7 Fighting
 * Level 3.4 Long Blades
 * Level 2.5 Armour
 * Level 2.5 Dodging
 * Level 3.1 Stealth


You had 5 spell levels left.
You didn't know any spells.

Dungeon Overview and Level Annotations

Branches:
Dungeon (4/15)
 Temple: D:4-7

Altars:
Qazlal
Zin

Shops:
D:4 *

Annotations:
D:3 Sigmund


Innate Abilities, Weirdness & Mutations

You have extremely sharp teeth.
Your natural rate of healing is unusually fast.
When hurt, damage is shared between your health and your magic reserves.
Your bite disrupts and absorbs the magic of your enemies.
Potions and wands cannot restore your health.
You are immune to rotting.


Message History

You feel invigorated.
Edmund is almost dead.
* * * LOW HITPOINT WARNING * * *
You feel very sick.
Edmund hits you with a dire flail of venom.
* * * LOW HITPOINT WARNING * * *
You are more poisoned.
You are too berserk!
You are too berserk!
You are too berserk!
You slash Edmund!
You kill Edmund!
Trog accepts your kill.
Your Stealth skill increases to level 3!
You have reached level 6!
Your experience leads to an increase in your attributes!
Your base attributes are Str 19, Int 7, Dex 15.
Increase (S)trength, (I)ntelligence, or (D)exterity?
You feel agile.
You die...

..)..".............#.##.
......<######...........
....#### ..........
#...# #.W....... ##..#
#..!...... #..#
#####......... #..#
#.......# ##.# #.P...)##
#.## #.P∩P.@# #..##
#.PPP..## #...###
#.......#
##....#######...###
#......## ###...##
#.......## ##...###
####.####...# #....<#
#....# ##..## ##....#
.....# #...# ##...#


You could see a phantom.

Vanquished Creatures
  Edmund (D:4)
  2 adders (D:2)
  An ooze (D:3)
  3 worms
  4 dart slugs
  3 leopard geckos (D:3)
  4 orcs (D:3)
  6 ball pythons
  10 bats
  A giant cockroach (D:3)
  8 goblins
  10 hobgoblins
  5 kobolds
  8 frilled lizards
  7 rats
73 creatures vanquished.

Notes
Turn   | Place    | Note
-------+----------+-------------------------------------------
     0 | D:1      | Periaitorperimetra the Vine Stalker Berserker began the quest for the Orb.
     0 | D:1      | Reached XP level 1. HP: 11/11 MP: 2/2
    34 | D:1      | Reached skill level 1 in Stealth
    37 | D:1      | Reached XP level 2. HP: 14/16 MP: 1/3
   154 | D:1      | Reached XP level 3. HP: 19/20 MP: 4/4
   398 | D:2      | Found a faded altar of an unknown god.
   424 | D:2      | Reached ** piety under Trog
   602 | D:2      | Gained mutation: Your natural rate of healing is unusually fast. [Vine Stalker growth]
   602 | D:2      | Reached XP level 4. HP: 16/24 MP: 5/5
   808 | D:2      | Noticed an earth elemental
   809 | D:2      | Found a stormy altar of Qazlal.
   812 | D:2      | Noticed a water elemental
   812 | D:2      | Noticed an air elemental
   812 | D:2      | Noticed a fire elemental
  1225 | D:3      | Noticed Sigmund
  1376 | D:3      | Found a glowing silver altar of Zin.
  1628 | D:3      | Reached XP level 5. HP: 25/28 MP: 6/6
  1906 | D:4      | Found Tuzivafi's Assorted Antiques.
  1912 | D:4      | Noticed Edmund
  1917 | D:4      | Noticed a phantom
  1927 | D:4      | HP: 2/42 [Edmund/dire flail of venom (2)]
  1928 | D:4      | Killed Edmund
  1928 | D:4      | Reached XP level 6. HP: 2/33 MP: 2/7
  1928 | D:4      | Succumbed to Edmund's poison

Skill      XL: |  1  2  3  4  5 |
---------------+----------------+-----
Stealth        | 1 2 3 |  3.1
Fighting       | 3 |  3.7
Armour         | 2 |  2.5
Dodging        | 2 |  2.5
Long Blades    | 3 |  3.4

Action                   |  1- 3 |  4- 6 || total
-------------------------+-------+-------++-------
Melee: Falchion          |    82 |   118 ||   200
       Bite              |    21 |    35 ||    56
Invok: Trog's Hand       |     1 |     1 ||     2
       Berserk           |       |     1 ||     1
  Use: Scroll            |       |     5 ||     5
  Eat: Chunk             |       |     3 ||     3
Armor: Animal skin       |     1 |       ||     1
       Plate armour      |    73 |    77 ||   150
Dodge: Dodged            |    39 |    40 ||    79
       Rpst.: Falchion   |    17 |    10 ||    27
